 Dungeon Crawl Stone Soup version 0.17.0-28-g6e173f8 (webtiles) character file.

358 M4edhros the Sneak (level 6, 0/38 HPs)
             Began as an Octopode Artificer on Nov 29, 2015.
             Was a Believer of Fedhas.
             Slain by a centaur skeleton (1 damage)
             ... on level 4 of the Dungeon.
             The game lasted 00:07:00 (4273 turns).

M4edhros the Sneak (Octopode Artificer)             Turns: 4273, Time: 00:07:00

Health: 0/38       AC:  1    Str: 11    XL:     6   Next: 64%
Magic:  10/10      EV: 11    Int: 16    God:    Fedhas [**....]
Gold:   52         SH:  3    Dex: 12    Spells: 0 memorised, 5 levels left

rFire  . . .     SeeInvis .     a - +0 short sword
rCold  . . .     Clarity  .     i - +0 buckler
rNeg   . . .     SustAt   .     (helmet restricted)
rPois  +         Gourm    .     f - amulet of faith
rElec  .         Spirit   .     j - ring of poison resistance
rCorr  .         Warding  .     (no ring)
rMut   .         Stasis   .     (no ring)
MR     .....                    (no ring)
Stlth  ++++......               (no ring)
                                (no ring)
                                (no ring)
                                (no ring)

@: not resistant to hostile enchantments, stealthy
A: almost no armour, amphibious, 8 rings, constrict 8, camouflage 1, gelatinous
body 1
a: Evolution, Sunlight, Renounce Religion


You were on level 4 of the Dungeon.
You worshipped Fedhas.
Fedhas was pleased with you.
You were near starving.

You visited 2 branches of the dungeon, and saw 5 of its levels.

You collected 52 gold pieces.

Inventory:

Hand Weapons
 a - a +0 short sword (weapon)
 m - a +0 spear
 n - a +1 hunting sling
 t - a +0 blowgun
 w - a +1 whip of pain
Missiles
 o - 73 stones (quivered)
 s - 21 sling bullets
Armour
 i - a +0 buckler (worn)
Jewellery
 f - an amulet of faith (around mantle)
 j - a ring of poison resistance (left tentacle)
Wands
 b - a wand of flame (4)
 c - a wand of enslavement (12)
 d - a wand of random effects (15)
 l - a wand of frost (36)
 q - a wand of polymorph (6)
 r - a wand of polymorph (10)
Scrolls
 g - a scroll of amnesia {unknown}
 k - a scroll of recharging {unknown}
 v - a scroll of remove curse
Potions
 e - 2 potions of brilliance
 h - 2 potions of cure mutation
 u - a potion of flight
Comestibles
 p - a bread ration


   Skills:
 - Level 1.0 Fighting
 - Level 1.0 Short Blades
 + Level 2.4 Slings
 - Level 2.0 Dodging
 + Level 5.9 Stealth
 + Level 5.7 Evocations


You had 5 spell levels left.
You didn't know any spells.

Dungeon Overview and Level Annotations

Branches:
Dungeon (4/15)             Temple (1/1) D:4

Altars:
Ashenzari
Cheibriados
Fedhas
Gozag
Kikubaaqudgha
Makhleb
Nemelex Xobeh
Ru
Sif Muna
Vehumet
Yredelemnul
Zin
The Shining One


Innate Abilities, Weirdness & Mutations

You cannot wear most types of armour.
You are amphibious.
You can wear up to eight rings at the same time.
You can use your tentacles to constrict eight enemies at once.
Your skin changes colour to match your surroundings (Stealth).
Your rubbery body absorbs attacks (AC +1).


Message History

Okay, then.
Evoke which item? (* to show all) (? for menu, Esc to quit)
Zapping:
b - a wand of flame (5)
Press: ? - help, Shift-Dir - straight line, f - centaur skeleton
Aim: a centaur skeleton The puff of flame hits the centaur skeleton.
This wand has 4 charges left.
The centaur skeleton hits your wandering mushroom.
The centaur skeleton hits you!
* * * LOW HITPOINT WARNING * * *
Your wandering mushroom releases spores at the centaur skeleton!
Evoke which item? (* to show all) (? for menu, Esc to quit)
Zapping:
c - a wand of enslavement (13)
Press: ? - help, Shift-Dir - straight line, f - centaur skeleton
Aim: a centaur skeleton (chance to defeat MR: 85%)
The centaur skeleton is repulsed!
This wand has 12 charges left.
The centaur skeleton hits your wandering mushroom.
The centaur skeleton hits you.
You die...
Fedhas appreciates your contribution to the ecosystem.

##..# .## ##.## ..# ##.##
##.. #..# #..# ##.## ##..
##..# #..## ##...#
##...##### #...## #.fZ.....#
###...# ##@Z#.....# .....##
####...#..8..# .....###
#......#....$....
.......#####......#.ZZ......
..............8..####.......
##...))..........## .......
##..)#####.......# .......
#...# ######..# .......
#...# #........8..


You could see 2 centaur skeletons and a friendly wandering mushroom.

Vanquished Creatures
  A centaur skeleton (D:3)
  Ijyb (D:2)
  A worker ant (D:4)
  Terence (D:2)
  6 adders
  An ooze (D:3)
  2 adder zombies (D:4)
  An adder skeleton (D:4)
  A worm (D:2)
  4 giant geckos
  12 orcs
  A ball python (D:3)
  7 bats
  2 giant cockroaches (D:3)
  7 hobgoblins
  4 kobolds
  2 quokkas
  2 giant newts
  11 goblins
  10 jackals (D:2)
  A jackal skeleton (D:4)
  12 rats
90 creatures vanquished.

Vanquished Creatures (collateral kills)
  A scorpion (D:2)
  2 centaur skeletons (D:4)
  An adder (D:2)
  An adder skeleton (D:4)
  An orc (D:4)
6 creatures vanquished.

Vanquished Creatures (others)
  A bat (D:3)
  A ball python (D:2)
  A giant cockroach zombie (D:4)
  47 toadstools
50 creatures vanquished.

Grand Total: 146 creatures vanquished

Notes
Turn   | Place    | Note
--------------------------------------------------------------
     0 | D:1      | M4edhros the Octopode Artificer began the quest for the Orb.
     0 | D:1      | Reached XP level 1. HP: 13/13 MP: 3/3
   204 | D:1      | Reached XP level 2. HP: 18/18 MP: 4/4
   476 | D:2      | Reached XP level 3. HP: 17/23 MP: 5/5
   596 | D:2      | Noticed Ijyb
   603 | D:2      | Killed Ijyb
   603 | D:2      | Reached skill level 4 in Stealth
   603 | D:2      | Reached XP level 4. HP: 18/28 MP: 5/7
  1274 | D:3      | HP: 1/28 [bat (1)]
  1769 | D:4      | Found a glowing golden altar of the Shining One.
  1845 | D:4      | Reached XP level 5. HP: 27/33 MP: 8/8
  2165 | D:4      | Reached skill level 5 in Evocations
  2183 | D:4      | Found a staircase to the Ecumenical Temple.
  2192 | Temple   | Entered the Ecumenical Temple
  2269 | Temple   | Became a worshipper of Fedhas Madash
  2296 | D:4      | Reached skill level 5 in Stealth
  2416 | D:3      | Reached skill level 1 in Slings
  2757 | D:3      | Reached * piety under Fedhas
  2857 | D:2      | Reached XP level 6. HP: 38/38 MP: 9/9
  3042 | D:2      | Noticed Terence
  3214 | D:2      | Killed Terence
  3384 | D:2      | Found a sparkling altar of Nemelex Xobeh.
  3918 | D:1      | Reached ** piety under Fedhas
  4272 | D:4      | HP: 1/38 [centaur skeleton (8)]
  4273 | D:4      | Slain by a centaur skeleton

Action                   |  1- 3 |  4- 6 || total
-------------------------+-------+-------++-------
Melee: Short sword       |    45 |    51 ||    96
       Spear             |     7 |    39 ||    46
       Hunting sling     |       |     5 ||     5
 Fire: Hunting sling     |       |   163 ||   163
Invok: Evolution         |       |     1 ||     1
Evoke: Wand              |       |    14 ||    14
  Use: Potion            |       |     5 ||     5
       Scroll            |       |     6 ||     6
 Stab: Sleeping          |     7 |     8 ||    15
  Eat: Bread ration      |       |     2 ||     2
